 Dungeon Crawl Stone Soup version 0.30-a0-335-ge5acde7520 (webtiles) character file.

Game seed: 7979551901495431702

336 gruber the Conjurer (level 6, -6/36 HPs)
             Began as an Octopode Conjurer on Oct 30, 2022.
             Killed from afar by Dowan (26 damage)
             ... with a shard of ice
             ... on level 4 of the Dungeon.
             The game lasted 00:03:15 (3374 turns).

gruber the Conjurer (Octopode Conjurer)             Turns: 3374, Time: 00:03:16

Health: -6/36      AC:  1    Str:  6    XL:     6   Next: 54%
Magic:  0/11       EV: 13    Int: 22    God:
Gold:   178        SH:  0    Dex: 11    Spells: 4/11 levels left

rFire   . . .      SeeInvis .    q - +2 quarterstaff (spect)
rCold   . . .      Faith    .    (shield currently unavailable)
rNeg    . . .      Spirit   +    (helmet restricted)
rPois   .          Reflect  .    h - amulet of guardian spirit
rElec   .          Harm     .    (no ring)
rCorr   .          Rampage  .    (no ring)
Will    .....                    (no ring)
Stlth   +++.......               (no ring)
HPRegen 0.26/turn                (no ring)
MPRegen 0.12/turn                (no ring)
                                 (no ring)
                                 (no ring)

@: no status effects
A: almost no armour, amphibious, 8 rings, camouflage 1, gelatinous body 1,
(nimble swimmer 1), tentacles
a: no special abilities


You were on level 4 of the Dungeon.
You visited 1 branch of the dungeon, and saw 4 of its levels.

You collected 178 gold pieces.

Inventory:

Hand Weapons
 q - a +2 spectral quarterstaff (weapon)
Jewellery
 h - an amulet of guardian spirit (around mantle)
Wands
 n - a wand of digging (5)
Scrolls
 b - a scroll of torment {unknown}
 c - 3 scrolls of identify {unknown}
 e - a scroll of teleportation {unknown}
 g - a scroll of amnesia {unknown}
 i - a scroll of silence {unknown}
 j - 2 scrolls of butterflies {unknown}
 l - a scroll of enchant weapon {unknown}
 p - a scroll of noise {unknown}
 r - a scroll of blinking {unknown}
Potions
 a - a potion of magic
 d - 4 potions of haste {unknown}
 f - a potion of cancellation {unknown}
 k - 5 potions of heal wounds {unknown}
 m - a potion of flight {unknown}
 o - a potion of might {unknown}
 s - a potion of curing {unknown}


   Skills:
 - Level 2.0 Dodging
 - Level 2.6 Stealth
 + Level 3.4 Spellcasting
 + Level 6.9 Conjurations


You had 4 spell levels left.
You knew the following spells:

 Your Spells              Type           Power      Damage    Failure   Level
a - Magic Dart            Conj           100%       1d8       1%          1
b - Searing Ray           Conj           68%        2d6       1%          2
c - Iskenderun's Mystic   Conj/Tloc      19%        2d6       28%         4

Your spell library contained the following spells:

 Spells                   Type           Power      Damage    Failure   Level
 Momentum Strike          Conj/Tloc      38%        3d9       4%          2
 Dazzling Flash           Conj/Hex       38%        N/A       9%          3
 Blink                    Tloc           6%         N/A       19%         2
 Sublimation of Blood     Necr           3%         N/A       19%         2
 Wereblood                Tmut           3%         N/A       19%         2
 Fulminant Prism          Conj/Hex       9%         3d6       28%         4
 Call Canine Familiar     Summ           3%         N/A       34%         3
 Lesser Beckoning         Tloc           6%         N/A       34%         3
 Ozocubu's Armour         Ice            3%         N/A       34%         3
 Portal Projectile        Hex/Tloc       6%         N/A       34%         3
 Leda's Liquefaction      Hex/Erth       1%         N/A       75%         4
 Summon Forest            Summ/Tloc      1%         N/A       97%         5
 Eringya's Noxious Bog    Tmut/Pois      1%         N/A       100%        6
 Ozocubu's Refrigeration  Ice            1%         4d7       100%        7
 Summon Hydra             Summ           1%         N/A       100%        7


Dungeon Overview and Level Annotations

Branches:
Dungeon (4/15)
 Temple: D:4-7

Altars:

Shops:
D:2 *

Annotations:
D:4 Dowan


Innate Abilities, Weirdness & Mutations

You cannot wear most types of armour.
You are amphibious.
You can wear up to eight rings at the same time.
Your skin changes colour to match your surroundings (Stealth+).
Your rubbery body absorbs attacks. (AC +1, EV +1)
((You are camouflaged when in or above water. (Stealth+)))
You have tentacles for arms and can constrict up to eight enemies at once.


Message History

Dowan is moderately wounded.
The searing ray hits Duvessa!
Duvessa is heavily wounded.
You finish channelling your searing ray.
Casting: Searing Ray (safe; 1% risk of failure)
Confirm with . or Enter, or press ? or * to list all spells.
Aiming: Searing Ray (safe; 1% risk of failure)
Press: ? - help, Shift-Dir - straight line, f/p - Duvessa
Aim: Duvessa, wielding a +1 short sword of holy wrath and wearing a +0 leather armour (heavily wounded, 83% to hit)
The searing ray hits Dowan!
Dowan is severely wounded.
The searing ray hits Duvessa.
Duvessa is heavily wounded. (Press . to maintain the ray.) Dowan gestures at you while chanting.
The puff of frost hits you!
Unknown command.
The searing ray hits Dowan.
Dowan is severely wounded.
The searing ray misses Duvessa.
Without enough magic to sustain it, your searing ray dissipates.
You barely miss Duvessa. You grab Duvessa. You squeeze Duvessa.
Duvessa is severely wounded.
Your +2 spectral quarterstaff hits Duvessa!
You constrict Duvessa.
You kill Duvessa!
You hear a distant wail of despair.
You closely miss Dowan. Your grab misses Dowan. Your squeeze misses Dowan.
Dowan is severely wounded.
Your +2 spectral quarterstaff barely misses Dowan.
Dowan seems to find hidden reserves of power!
Dowan completely misses you. x2
You hit Dowan but do no damage. Your grab misses Dowan.
Dowan is severely wounded.
Your +2 spectral quarterstaff closely misses Dowan.
Dowan hits you with a +0 dagger. Dowan casts a spell at you.
The shard of ice hits you!!
Ouch! That really hurt!
You die...

#.. #.....# ##..
#.....# ..... #.....#
..... #.....#
......#.....#
#..........#.....#
#..........e(....#
#..... #@....#
#...#######.....#
#...##...##.....#
###+##....>...'......#
.....+........#......#
.....#.)......#......#
....##...####.####...#
....##...####+# ...#
....'......... ...#


You could see Dowan (fast) and a friendly +2 spectral quarterstaff (summoned).

Vanquished Creatures
  Duvessa (D:4)
  A gnoll bouda (D:3)
  Terence (D:3)
  An orc wizard (D:2)
  5 gnolls
  5 adders
  A worm (D:2)
  2 orcs (D:3)
  5 ball pythons
  9 endoplasms
  3 giant cockroaches
  3 goblins
  3 hobgoblins
  4 jackals (D:3)
  4 quokkas
  3 bats
  3 frilled lizards
  3 kobolds (D:1)
  6 rats
63 creatures vanquished.

Notes
Turn   | Place    | Note
-------+----------+-------------------------------------------
     0 | D:1      | gruber the Octopode Conjurer began the quest for the Orb.
     0 | D:1      | Reached XP level 1. HP: 11/11 MP: 3/3
   230 | D:1      | Reached XP level 2. HP: 17/17 MP: 1/5
   233 | D:1      | Learned a level 2 spell: Searing Ray
  1005 | D:2      | Reached XP level 3. HP: 21/21 MP: 1/6
  1153 | D:2      | Reached skill level 5 in Conjurations
  1538 | D:2      | Reached XP level 4. HP: 26/27 MP: 1/7
  1736 | D:2      | Found Iffuegidef's General Store.
  2132 | D:2      | Reached XP level 5. HP: 14/31 MP: 0/8
  2210 | D:3      | Reached skill level 6 in Conjurations
  2517 | D:3      | Noticed Terence
  2522 | D:3      | Killed Terence
  2762 | D:3      | Reached XP level 6. HP: 22/36 MP: 0/10
  3339 | D:4      | Learned a level 4 spell: Iskenderun's Mystic Blast
  3363 | D:4      | Noticed Duvessa
  3365 | D:4      | Noticed Dowan
  3372 | D:4      | Killed Duvessa
  3374 | D:4      | Killed from afar by Dowan

Illustrated notes

Levels and vault maps discovered:
D:1:      giann_horns, layout_basic
D:2:      layout_loops_ring, serial_shops, shop
D:3:      layout_loops_ring, uniq_terence
D:4:      layout_gridville, general_overflow_altar,
          chequers_temple_overflow_minitemple, uniq_duvessa

Skill      XL: |  1  2  3  4  5 |
---------------+----------------+-----
Conjurations   | 5 6 |  6.9
Spellcasting   | 3 |  3.4
Dodging        | |  2.0
Stealth        | |  2.6

Action                   |  1- 3 |  4- 6 || total
-------------------------+-------+-------++-------
Melee: Unarmed           |    11 |    27 ||    38
       Tentacles         |     5 |     7 ||    12
       Constrict         |     2 |     7 ||     9
       Quarterstaff      |       |     3 ||     3
 Cast: Magic Dart        |    65 |    39 ||   104
       Searing Ray       |       |     9 ||     9
Armor: Skin              |       |     1 ||     1
Dodge: Dodged            |     9 |    43 ||    52

Table legend: (Time is in decaauts)
 A = Elapsed time spent in this place.
 B = Non-inter-level travel time spent in this place.
 C = Inter-level travel time spent in this place.
 D = Time resting spent in this place.
 E = Time spent auto-exploring this place.
 F = Levels seen in this place.
 G = Mean time per level.
                   A        B        C        D        E       F      G
               +--------+--------+--------+--------+--------+-----+--------+
         Total |   3377 |   3311 |     66 |    210 |   2740 |   4 |  844.2 |
       Dungeon |   3377 |   3311 |     66 |    210 |   2740 |   4 |  844.2 |
               +--------+--------+--------+--------+--------+-----+--------+

Top non-repeatable levels by time:
     D:2: 1346 daAuts
     D:3: 1039 daAuts
     D:1: 914 daAuts
     D:4: 77 daAuts
